 Dungeon Sprint DCSS version 0.25-a0-413-g3b4b6a4ccc (webtiles) character file.

Game seed: 14996620486814685171, levelgen mode: deterministic

11265 wilfster70 the Imperceptible (level 11, -3/64 (65) HPs)
             Began as a Spriggan Enchanter on Jan 15, 2020.
             Was an Initiate of Gozag.
             Killed by divine providence
             ... invoked by a daeva
              (13 damage)
             ... in the Dungeon (Sprint I: "Red Sonja").
             The game lasted 00:11:55 (1618 turns).

wilfster70 the Imperceptible (Spriggan Enchanter)   Turns: 1618, Time: 00:11:56

HP:   -3/64 (65)    AC:  3    Str:  8    XL:     11   Next: 47%
MP:   28/28         EV: 29    Int: 20    God:    Gozag
Gold: 2936          SH:  0    Dex: 17    Spells: 21/35 levels left

rFire    . . .     SeeInvis +   a - +1 dagger
rCold    . . .     Gourm    .   (shield restricted)
rNeg     . . .     Faith    .   n - +1 robe "Pumuuz" {rElec Str+4 SInv}
rPois    .         Spirit   .   (helmet restricted)
rElec    +         Reflect  .   (no cloak)
rCorr    .         Harm     .   (gloves unavailable)
MR       +....     NoTele   +   (boots unavailable)
Stlth    ++++......             (no amulet)
HPRegen  0.20/turn              (no ring)
MPRegen  0.21/turn              (no ring)

@: glowing, very quick
A: very small, unfitting armour, see invisible, herbivore, speed 3, slow
metabolism 2
a: Potion Petition, Call Merchant, Bribe Branch, Renounce Religion


You were in the Dungeon.
You worshipped Gozag.
Gozag was most pleased with you.
You were not hungry.

You visited 1 branch You collected 4854 gold pieces.
You spent 1144 gold pieces at shops.
You paid 774 gold pieces to Gozag.

Inventory:

Hand Weapons
 a - a +1 dagger (weapon)
Missiles
 c - 5 curare-tipped darts (quivered)
Armour
 n - the +1 robe "Pumuuz" (worn) {rElec Str+4 SInv}
   (You bought it in a shop in the Dungeon)

   It affects your strength (+4).
   It insulates you from electricity.
   It lets you see invisible.
Jewellery
 m - the amulet of Incredulity {Inacc Str+2 Int+3 SInv}
   (You found it in the Dungeon)

   [amulet of inaccuracy]

   It reduces the accuracy of all your attacks.
   It affects your strength (+2).
   It affects your intelligence (+3).
   It lets you see invisible.
Scrolls
 i - a scroll of identify
 j - a scroll of blinking
 l - 2 scrolls of fog
Potions
 b - a potion of brilliance {unknown}
 e - a potion of curing
 f - a potion of heal wounds
 g - a potion of haste
 h - 2 potions of magic
 k - a potion of cancellation {unknown}
Comestibles
 d - 3 rations


   Skills:
 + Level 11.1 Fighting
 - Level 10.5 Short Blades
 + Level 12.9 Dodging
 + Level 22.0 Stealth
 + Level 12.8 Spellcasting
 + Level 11.1 Hexes
 - Level 4.0 Translocations
 - Level 6.1 Ice Magic


You had 21 spell levels left.
You knew the following spells:

 Your Spells              Type           Power        Failure   Level  Hunger
a - Corona                Hex            ######.      1%          1    None
b - Ensorcelled Hibernat  Hex/Ice        #####.       1%          2    None
c - Confusing Touch       Hex            ######..     1%          3    None
d - Blink                 Tloc           N/A          1%          2    None
e - Invisibility          Hex            ######..     9%          6    #####..

Your spell library contained the following spells:

 Spells                   Type           Power        Failure   Level  Hunger
 Apportation              Tloc           ####..       1%          1    None
 Slow                     Hex            ######..     1%          2    None
 Dazzling Flash           Conj/Hex       #####.       1%          3    None
 Tukima's Dance           Hex            ######..     1%          3    None
 Lesser Beckoning         Tloc           ####......   3%          3    None
 Magic Dart               Conj           ##..         5%          1    None
 Summon Butterflies       Summ           ##......     5%          1    None
 Call Imp                 Summ           ##......     8%          2    None
 Conjure Flame            Conj/Fire      ##......     16%         3    None
 Mephitic Cloud           Conj/Pois/Air  ##......     16%         3    None
 Alistair's Intoxication  Tmut/Pois      ##......     82%         5    ####...


Dungeon Overview and Level Annotations

Branches:
Dungeon (1/1)

Altars:
Cheibriados
Dithmenos
Elyvilon
Fedhas
Gozag
Hepliaklqana
Kikubaaqudgha
Makhleb
Nemelex Xobeh
Okawaru
Qazlal
Ru
Sif Muna
Trog
Uskayaw
Vehumet
Wu Jian
Xom
Yredelemnul
Zin
The Shining One
Jiyva
Lugonu

Shops:
D ?(*!?[==[:(*[:%([:


Innate Abilities, Weirdness & Mutations

You are very small and have problems with some larger weapons.
You are too small for most types of armour.
You have supernaturally acute eyesight. (SInv)
You are a herbivore.
You cover ground extremely quickly.
You need to consume almost no food.


Message History

Saving game... please wait.
Welcome back, wilfster70 the Spriggan Enchanter.
Gozag says: Greed is good.
Press ? for a list of commands and other information.
The fire giant points at you and mumbles some strange words.
The bolt of fire hits you!!!
Ouch! That really hurt!
* * * LOW HITPOINT WARNING * * *
You hear a shout! x2
There is an open door here.
You close the door.
You open the door.
The daeva shouts!
The daeva calls down the wrath of the Shining One upon you.
The Shining One smites you!
* * * LOW HITPOINT WARNING * * *
The daeva calls down the wrath of the Shining One upon you.
The Shining One smites you!
You die...
Your body crumbles into a pile of gold. ################### )..#§§#§§§§'§§.§..+ $ $$$$ )§.##'#§####.§§§.##$ $$$$ .§.'..#.# ##§.§## ## $$ $$ ####.§§.# $###§#)(/## $$$$$ $$ §.##'#### $ #§##$$$# $$$$

§.#.^ $
#..###$# $$
..#..
$$$##@#A#$#
#'###
#..###$#
#.'.#
#.##..$#
###.#
#..#'###
∩##.# $$
##...# ###§#
$$ $ $###.#
.##§#
$$$$$$$$$#.#
.§§.#
$$$$$$$$$#.#
###§#$
$$$$$$####+#


$$$$$$$ You could see a daeva.

Vanquished Creatures
  2 centaur warriors (D)
  Sonja (D)
  7 unseen horrors (D)
  A deep troll (D)
  A lindwurm (D)
  An oklob plant (D)
  2 kobold demonologists (D)
  A slime creature (D)
  A hornet (D)
  2 redbacks (D)
  Sigmund (D)
  13 hogs (D)
  A yak (D)
  2 floating eyes (D)
  7 necrophages (D)
  An ogre (D)
  8 jellies (D)
  Ijyb (D)
53 creatures vanquished.

Notes
Turn   | Place    | Note
-------+----------+-------------------------------------------
     0 | D        | wilfster70 the Spriggan Enchanter began the quest for the
                  | Orb.
     0 | D        | Reached XP level 1. HP: 9/9 MP: 5/5
     2 | D        | Noticed Ijyb
     8 | D        | Killed Ijyb
     8 | D        | Reached skill level 6 in Stealth
     8 | D        | Reached skill level 5 in Hexes
     8 | D        | Reached XP level 2. HP: 13/13 MP: 6/8
    62 | D        | Learned a level 2 spell: Ensorcelled Hibernation
    69 | D        | Noticed an ogre
    71 | D        | Killed an ogre
    71 | D        | Reached skill level 8 in Stealth
    71 | D        | Reached skill level 5 in Spellcasting
    71 | D        | Reached XP level 3. HP: 16/16 MP: 9/11
    71 | D        | Reached XP level 4. HP: 21/21 MP: 9/12
    80 | D        | Noticed Sigmund
    83 | D        | Killed Sigmund
    83 | D        | Reached skill level 10 in Stealth
    83 | D        | Reached XP level 5. HP: 24/24 MP: 11/16
   126 | D        | Found a shimmering blue altar of Sif Muna.
   127 | D        | Found an ornate altar of the Wu Jian Council.
   128 | D        | Found a radiant altar of Vehumet.
   132 | D        | Reached skill level 1 in Ice Magic
   132 | D        | Reached XP level 6. HP: 28/28 MP: 13/18
   137 | D        | Learned a level 3 spell: Confusing Touch
   152 | D        | Found Vomumo's Weapon Emporium.
   152 | D        | Found an ancient bone altar of Kikubaaqudgha.
   152 | D        | Found a hazy altar of Hepliaklqana.
   152 | D        | Found a hide-covered altar of Uskayaw.
   152 | D        | Found a basalt altar of Yredelemnul.
   152 | D        | Found an opulent altar of Gozag.
   152 | D        | Found a snail-covered altar of Cheibriados.
   152 | D        | Found a sacrificial altar of Ru.
   152 | D        | Found a shadowy altar of Dithmenos.
   152 | D        | Noticed a yak
   158 | D        | Found a stormy altar of Qazlal.
   158 | D        | Found a blossoming altar of Fedhas.
   158 | D        | Found a bloodstained altar of Trog.
   158 | D        | Found an iron altar of Okawaru.
   158 | D        | Found a glowing golden altar of the Shining One.
   158 | D        | Found a glowing silver altar of Zin.
   158 | D        | Found a white marble altar of Elyvilon.
   166 | D        | Killed a yak
   166 | D        | Reached skill level 11 in Stealth
   169 | D        | Found a sparkling altar of Nemelex Xobeh.
   176 | D        | Became a worshipper of Gozag Ym Sagoz the Greedy
   189 | D        | Noticed Sonja
   193 | D        | Killed Sonja
   193 | D        | Reached skill level 13 in Stealth
   193 | D        | Reached skill level 10 in Spellcasting
   193 | D        | Reached skill level 5 in Ice Magic
   193 | D        | Reached XP level 7. HP: 32/32 MP: 18/22
   211 | D        | Found Nuopri's Magic Scroll Boutique.
   231 | D        | Noticed a deep troll
   248 | D        | Killed a deep troll
   248 | D        | Reached skill level 10 in Short Blades
   248 | D        | Reached skill level 14 in Stealth
   248 | D        | Reached XP level 8. HP: 12/40 MP: 15/23
   471 | D        | Found Geil Bau's Armour Emporium.
   493 | D        | Noticed a centaur warrior
   494 | D        | Noticed a centaur warrior
   496 | D        | Killed a centaur warrior
   496 | D        | Reached skill level 5 in Fighting
   496 | D        | Reached skill level 16 in Stealth
   496 | D        | Reached XP level 9. HP: 47/47 MP: 24/24
   497 | D        | Killed a centaur warrior
   497 | D        | Reached skill level 18 in Stealth
   524 | D        | Noticed an oklob plant
   526 | D        | Killed an oklob plant
   542 | D        | Reached skill level 19 in Stealth
   565 | D        | Reached skill level 5 in Dodging
   570 | D        | Noticed an unseen horror
   571 | D        | Noticed an unseen horror
   575 | D        | Killed an unseen horror
   575 | D        | Reached XP level 10. HP: 58/58 MP: 22/25
   578 | D        | Killed an unseen horror
   578 | D        | Reached skill level 20 in Stealth
   733 | D        | Got a scorched silver amulet
   768 | D        | Found Itwov's Distillery.
   768 | D        | Found Xyz Huil's General Store.
   768 | D        | Found Hinkigh's Magic Scroll Boutique.
   770 | D        | Found Wek Quginiu's Antique Armour Emporium.
   770 | D        | Found Pewunwad's Jewellery Shop.
   770 | D        | Found Vuuvul's Jewellery Shoppe.
   770 | D        | Found Umuxepp's Armour Boutique.
   770 | D        | Found Tudoiten's Book Emporium.
   770 | D        | Found Lurism's Weapon Shop.
   770 | D        | Found Xiamanat's Antique Armour Shoppe.
   774 | D        | Found Huohoizu's Book Boutique.
   775 | D        | Found Oteoc's Weapon Emporium.
   775 | D        | Found Fuck's Food Boutique.
   776 | D        | Found Upuner's Book Emporium.
   779 | D        | Bought a book of Minor Magic for 280 gold pieces
   782 | D        | Learned a level 2 spell: Blink
   784 | D        | Bought a colourful robe for 142 gold pieces
   790 | D        | Bought a book of Party Tricks for 650 gold pieces
   797 | D        | Learned a level 6 spell: Invisibility
   820 | D        | Bought 3 scrolls of identify for 72 gold pieces
   820 | D        | Identified the +1 robe "Pumuuz" {rElec Str+4 SInv} (You
                  | bought it in a shop in the Dungeon)
   832 | D        | Identified the amulet of Incredulity {Inacc Str+2 Int+3
                  | SInv} (You found it in the Dungeon)
   876 | D        | Found a burning altar of Makhleb.
   876 | D        | Found a viscous altar of Jiyva.
   876 | D        | Found a shimmering altar of Xom.
   876 | D        | Found a corrupted altar of Lugonu.
   879 | D        | Reached skill level 1 in Translocations
   898 | D        | Noticed a sixfirhy
   902 | D        | Reached skill level 10 in Fighting
   902 | D        | Reached skill level 10 in Dodging
  1314 | D        | Noticed a lindwurm
  1316 | D        | Killed a lindwurm
  1330 | D        | Reached skill level 21 in Stealth
  1344 | D        | Reached XP level 11. HP: 55/63 MP: 17/27
  1379 | D        | Reached skill level 10 in Hexes
  1505 | D        | Noticed a daeva
  1508 | D        | Noticed an unseen horror
  1508 | D        | Noticed an unseen horror
  1508 | D        | Noticed an unseen horror
  1509 | D        | Noticed an unseen horror
  1511 | D        | Killed an unseen horror
  1512 | D        | Noticed an unseen horror
  1513 | D        | Killed an unseen horror
  1514 | D        | Killed an unseen horror
  1519 | D        | Killed an unseen horror
  1521 | D        | Killed an unseen horror
  1521 | D        | Reached skill level 22 in Stealth
  1598 | D        | Noticed a fire giant
  1618 | D        | Killed from afar by a daeva

Levels and vault maps discovered:
D:        dungeon_sprint_1 [red_sonja_temple_1, red_sonja_temple_small_1]

Skill      XL: |  1  2  3  4  5  6  7  8  9 10 11 |
---------------+----------------------------------+-----
Short Blades   | 3 4 6 9 10 | 10.5
Stealth        | 6 8 10 13 14 16 19 21 22 | 22.0
Spellcasting   | 4 5 7 8 10 11 12 | 12.8
Hexes          | 5 6 8 9 11 | 11.1
Ice Magic      | 1 5 6 |  6.1
Fighting       | 3 5 9 10 11 | 11.1
Dodging        | 6 11 12 | 12.9
Translocations | 4 |  4.0

Action                   |  1- 3 |  4- 6 |  7- 9 | 10-12 || total
-------------------------+-------+-------+-------+-------++-------
Melee: Dagger            |     5 |    13 |     9 |    64 ||    91
Throw: Dart              |       |       |       |     3 ||     3
 Cast: Ensorcelled Hiber |       |     2 |     5 |    24 ||    31
       Confusing Touch   |       |     1 |       |     5 ||     6
Invok: Call Merchant     |       |       |       |     1 ||     1
  Use: Potion            |     1 |       |       |       ||     1
       Scroll            |       |       |       |     4 ||     4
 Stab: Sleeping          |     2 |     3 |     9 |    33 ||    47
       Confused          |       |     2 |       |     5 ||     7
Armor: Robe              |       |     1 |       |       ||     1
Dodge: Dodged            |     2 |     3 |     4 |    51 ||    60

Table legend:
 A = Non-vault XP
 B = Vault XP
 C = Vault XP percentage of total XP
 D = Non-vault monster count
 E = Vault monster count
 F = Vault count percentage of total count
                 A         B        C        D         E       F
            +---------+---------+-------+---------+---------+-------
      Total |       0 |   16094 | 100.0 |       0 |      53 | 100.0
            +---------+---------+-------+---------+---------+-------
          D |       0 |   16094 | 100.0 |       0 |      53 | 100.0
            +---------+---------+-------+---------+---------+-------
